 Dungeon Crawl Stone Soup version 0.30-b1-2-g02819fbbbe (webtiles) character file.

Game seed: 6141233362895967527

476 MisterFreud the Ducker (level 7, -3/76 HPs)
             Began as a Gnoll Wanderer on Oct 5, 2023.
             Slain by an ogre
             ... wielding a +0 giant club
              (15 damage)
             ... on level 4 of the Dungeon.
             The game lasted 00:06:09 (3434 turns).

MisterFreud the Ducker (Gnoll Wanderer)             Turns: 3434, Time: 00:06:10

Health: -3/76      AC: 23    Str:  9    XL:     7   Next: 10%
Magic:  13/15      EV:  2    Int: 13    God:
Gold:   310        SH:  5    Dex: 14    Spells: 16/17 levels left

rFire   . . .        n - +0 short sword (venom)
rCold   . . .        (no shield)
rNeg    . . .        d - melded +0 robe
rPois   +            (helmet currently unavailable)
rElec   .            (cloak currently unavailable)
rCorr   .            i - melded +1 pair of gloves
SInv    .            b - melded +0 pair of boots
Will    .....        e - amulet of reflection
Stlth   ++           h - ring of flight
HPRegen 0.32/turn    (no ring)
MPRegen 0.14/turn

%: reflection
@: tree-form
A: stationary, stasis, torment immunity, boosted hp, (fangs 1), strong nose,
distributed training
a: no special abilities


You were on level 4 of the Dungeon.
You were a tree.
You visited 1 branch of the dungeon, and saw 4 of its levels.

You collected 310 gold pieces.

Inventory:

Hand Weapons
 a - a +0 sling
 n - a +0 short sword of venom (weapon)
Missiles
 k - a throwing net
Armour
 b - a +0 pair of boots (melded)
 d - a +0 robe (melded)
 i - a +1 pair of gloves (melded)
Jewellery
 e - an amulet of reflection (around neck)
 h - a ring of flight (left branch)
Potions
 c - a potion of attraction
 f - 2 potions of mutation
 j - 2 potions of haste
 l - a potion of resistance
 m - a potion of invisibility
 o - a potion of heal wounds {unknown}
 p - a potion of magic {unknown}


   Skills:
 + Level 2.3 Fighting
 + Level 2.3 Short Blades
 + Level 2.3 Long Blades
 + Level 2.3 Axes
 + Level 2.3 Maces & Flails
 + Level 2.3 Polearms
 + Level 2.3 Staves
 + Level 3.5 Ranged Weapons
 + Level 2.3 Throwing
 + Level 2.3 Armour
 + Level 7.0 Dodging
 + Level 2.3 Stealth
 + Level 2.3 Shields
 + Level 2.3 Unarmed Combat
 + Level 5.5 Spellcasting
 + Level 1.9 Conjurations
 + Level 1.9 Hexes
 + Level 1.9 Summonings
 + Level 1.9 Necromancy
 + Level 1.9 Translocations
 + Level 1.9 Transmutations
 + Level 5.8 Fire Magic
 + Level 1.9 Ice Magic
 + Level 1.9 Air Magic
 + Level 1.9 Earth Magic
 + Level 1.9 Poison Magic
 + Level 2.6 Invocations
 + Level 3.5 Evocations


You had 16 spell levels left.
You knew the following spells:

 Your Spells              Type           Power      Damage    Failure   Level
a - Foxfire               Conj/Fire      52%        2x1d6     3%          1

Your spell library contained the following spells:

 Spells                   Type           Power      Damage    Failure   Level
 Lesser Beckoning         Tloc           16%        N/A       12%         2
 Poisonous Vapours        Pois/Air       16%        N/A       12%         2
 Ignite Poison            Fire/Tmut/Pois 12%        N/A       14%         3
 Gell's Gravitas          Tloc           8%         N/A       24%         3
 Mephitic Cloud           Conj/Pois/Air  8%         N/A       24%         3
 Portal Projectile        Hex/Tloc       16%        N/A       24%         3
 Summon Guardian Golem    Hex/Summ       8%         N/A       24%         3
 Teleport Other           Tloc           8%         N/A       24%         3
 Tukima's Dance           Hex            8%         N/A       24%         3
 Sticky Flame             Conj/Fire      13%        2d4       34%         4
 Passage of Golubria      Tloc           8%         N/A       61%         4
 Blade Hands              Tmut           4%         N/A       91%         5
 Freezing Cloud           Conj/Ice/Air   4%         6-21      91%         5
 Silence                  Hex/Air        4%         N/A       91%         5
 Orb of Destruction       Conj           4%         9d5       100%        7
 Spellforged Servitor     Conj/Summ      4%         N/A       100%        7
 Ignition                 Fire           9%         3d5       100%        8
 Lehudib's Crystal Spear  Conj/Erth      4%         10d3      100%        8


Dungeon Overview and Level Annotations

Branches:
Dungeon (4/15)
 Temple: D:4-7

Altars:
Xom


Innate Abilities, Weirdness & Mutations

You are a tree.
Your roots penetrate the ground, keeping you stationary.
You cannot be teleported.
You are immune to unholy pain and torment.
Your maximum health is greatly increased.
Your equipment is partially melded.
((You have very sharp teeth.))
Your uncanny sense of smell can sniff out nearby items.
Your experience applies equally to all skills.


Message History

As you read the scroll labelled DITODD HADI, it crumbles to dust.
It is a scroll of enchant armour.
Your +0 pair of gloves glows green for a moment.
The hound misses you.
The orc wizard mumbles some strange words.
The orc wizard flickers and vanishes!
The hound bites you.
You aren't carrying any items that you can evoke.
Unknown command.
Unknown command.
Unknown command.
Unknown command.
Unknown command.
Really quaff the potion of lignification?
You turn into a tree.
Your +1 pair of gloves melds into your body.
Your +0 pair of boots melds into your body.
Your +0 robe melds into your body.
Your roots penetrate the ground.
The hound pauses to sniff the ground.
The hound completely misses you. The ogre hits you with a +0 giant club!
Casting: Foxfire (safe; 3% risk of failure)
Confirm with . or Enter, or press ? or * to list all spells.
You conjure some foxfire!
The hound barely misses you. The hound bites you but does no damage.
The ogre hits you with a +0 giant club.
Unknown command.
You hit the ogre.
The ogre is poisoned.
The ogre is lightly wounded.
The foxfire hits the ogre.
The ogre is lightly wounded.
The hound barely misses you.
You hit the ogre.
The ogre looks as sick as possible!
The ogre is moderately wounded.
The hound bites you but does no damage. The ogre hits you with a +0 giant club!
* * * LOW HITPOINT WARNING * * *
You hit the ogre.
The ogre looks as sick as possible!
The ogre is heavily wounded.
The hound bites you but does no damage. The hound completely misses you.
You hit the ogre but do no damage.
The ogre looks as sick as possible!
The ogre is severely wounded.
The ogre hits you with a +0 giant club!
You die...

##. ..# >. ..>. .. ...
#..##.####o. ######
#......... #....#
#.......# ##....##
#......)#######......##
#.#..o{{...............
#.##h##.#####......##
.. #♣##.# ###......#
#....O.##.# #........##
#....####.# #.....)##..
##.## #.# #......#.## #
#.# #......#.#. . #.#
#........#. .#####.#
#........#. ..#....#
####[....#. #.#.####
#.....#.


You could see an ogre (extremely poisoned), a hound and an orc.

Vanquished Creatures
  An ogre (D:4)
  A scorpion (D:4)
  A howler monkey (D:4)
  A hound (D:4)
  A jelly (D:4)
  An orc priest (D:4)
  An iguana (D:4)
  3 orc wizards
  3 adders
  A worm (D:3)
  A dart slug (D:4)
  7 orcs
  3 ball pythons
  5 endoplasms
  7 goblins
  7 hobgoblins
  12 jackals
  6 kobolds
  2 quokkas (D:1)
  3 bats
  A frilled lizard (D:1)
  6 rats
74 creatures vanquished.

Vanquished Creatures (others)
  245 foxfires
245 creatures vanquished.

Grand Total: 319 creatures vanquished

Notes
Turn   | Place    | Note
-------+----------+-------------------------------------------
     0 | D:1      | MisterFreud the Gnoll Wanderer began the quest for the Orb.
     0 | D:1      | MisterFreud set off with the following items: a +0 sling, a
                  | +0 pair of boots, a potion of attraction, a +0 robe; and
                  | the following spell memorised: Foxfire; and the following
                  | spells available to memorise: Ignite Poison, Sticky Flame.
     0 | D:1      | Reached XP level 1. HP: 13/13 MP: 6/6
   204 | D:1      | Reached XP level 2. HP: 19/19 MP: 2/7
  1114 | D:2      | Reached skill level 5 in Spellcasting
  1114 | D:2      | Reached XP level 3. HP: 25/25 MP: 5/9
  1427 | D:2      | Found a shimmering altar of Xom.
  1443 | D:2      | Reached skill level 1 in Invocations
  1802 | D:3      | Reached skill level 1 in Fighting
  1802 | D:3      | Reached skill level 1 in Short Blades
  1802 | D:3      | Reached skill level 1 in Long Blades
  1802 | D:3      | Reached skill level 1 in Axes
  1802 | D:3      | Reached skill level 1 in Maces & Flails
  1802 | D:3      | Reached skill level 1 in Polearms
  1802 | D:3      | Reached skill level 1 in Staves
  1802 | D:3      | Reached skill level 1 in Throwing
  1802 | D:3      | Reached skill level 1 in Armour
  1802 | D:3      | Reached skill level 1 in Stealth
  1802 | D:3      | Reached skill level 1 in Shields
  1802 | D:3      | Reached skill level 1 in Unarmed Combat
  1873 | D:3      | Reached XP level 4. HP: 32/32 MP: 7/11
  1989 | D:3      | Reached skill level 1 in Conjurations
  1989 | D:3      | Reached skill level 1 in Hexes
  1989 | D:3      | Reached skill level 1 in Summonings
  1989 | D:3      | Reached skill level 1 in Necromancy
  1989 | D:3      | Reached skill level 1 in Translocations
  1989 | D:3      | Reached skill level 1 in Transmutations
  1989 | D:3      | Reached skill level 1 in Ice Magic
  1989 | D:3      | Reached skill level 1 in Air Magic
  1989 | D:3      | Reached skill level 1 in Earth Magic
  1989 | D:3      | Reached skill level 1 in Poison Magic
  2381 | D:3      | Found a faded altar of an unknown god.
  2560 | D:4      | Noticed an ogre
  2590 | D:4      | Noticed a scorpion
  2615 | D:3      | Reached XP level 5. HP: 23/37 MP: 7/12
  2784 | D:4      | Killed an ogre
  2785 | D:4      | Reached XP level 6. HP: 44/44 MP: 9/14
  3157 | D:4      | Reached XP level 7. HP: 50/50 MP: 12/15
  3164 | D:4      | Reached skill level 7 in Dodging
  3434 | D:4      | Slain by an ogre

Illustrated notes

Levels and vault maps discovered:
D:1:      zelgadis_glass_arrival_large, layout_loops_cross,
          minmay_misc_feat_chi, minmay_strange_pillars, kennysheep_minor_cross
D:2:      layout_rooms, basic_altar, minivault_25
D:3:      layout_rooms, shapermc_ecumenical_altar_mp_highgroup
D:4:      layout_basic, minmay_checkerbox

Skill      XL: |  1  2  3  4  5  6  7 |
---------------+----------------------+-----
Spellcasting   | 5 |  5.5
Invocations    | 1 2 |  2.6
Fighting       | 1 2 |  2.3
Short Blades   | 1 2 |  2.3
Long Blades    | 1 2 |  2.3
Axes           | 1 2 |  2.3
Maces & Flails | 1 2 |  2.3
Polearms       | 1 2 |  2.3
Staves         | 1 2 |  2.3
Throwing       | 1 2 |  2.3
Armour         | 1 2 |  2.3
Stealth        | 1 2 |  2.3
Shields        | 1 2 |  2.3
Unarmed Combat | 1 2 |  2.3
Conjurations   | 1 |  1.9
Hexes          | 1 |  1.9
Summonings     | 1 |  1.9
Necromancy     | 1 |  1.9
Translocations | 1 |  1.9
Transmutations | 1 |  1.9
Ice Magic      | 1 |  1.9
Air Magic      | 1 |  1.9
Earth Magic    | 1 |  1.9
Poison Magic   | 1 |  1.9
Ranged Weapons | 3 |  3.5
Evocations     | 3 |  3.5
Dodging        | 7 |  7.0
Fire Magic     | |  5.8

Action                     |  1- 3 |  4- 6 |  7- 9 || total
---------------------------+-------+-------+-------++-------
  Melee: Sling             |       |     3 |       ||     3
         Short sword       |       |    14 |    12 ||    26
         Bite              |       |     1 |       ||     1
   Fire: Sling             |     3 |     1 |       ||     4
   Cast: Foxfire           |    57 |    72 |    16 ||   145
    Use: Scroll            |     4 |     6 |     1 ||    11
         Potion            |       |       |     1 ||     1
 Armour: Robe              |     6 |     8 |     5 ||    19
         Skin              |       |       |     3 ||     3
  Dodge: Dodged            |    17 |    22 |    19 ||    58
  Block: Other             |       |     8 |     6 ||    14
         Reflection        |       |     1 |       ||     1
